 Dungeon Crawl Stone Soup version 0.24-a0-439-g6dd8730de2 (webtiles) character file.

Game seed: 15273099190468477760

101 Jyms the Sneak (level 4, 0/21 HPs)
             Began as a Spriggan Conjurer on June 17, 2019.
             Succumbed to an adder's poison
             ... on level 3 of the Dungeon.
             The game lasted 00:21:45 (2816 turns).

Jyms the Sneak (Spriggan Conjurer)                  Turns: 2816, Time: 00:21:45

Health: 0/21       AC:  3    Str:  5    XL:     4   Next: 48%
Magic:  10/10      EV: 19    Int: 16    God:
Gold:   43         SH:  0    Dex: 16    Spells: 7/10 levels left

rFire    . . .     SeeInvis +   (weapon restricted)
rCold    . . .     Gourm    .   (shield restricted)
rNeg     . . .     Faith    .   b - +1 robe
rPois    .         Spirit   .   (helmet restricted)
rElec    .         Reflect  .   (no cloak)
rCorr    .         Harm     .   (gloves unavailable)
MR       .....                  (boots unavailable)
Stlth    +++.......             g - amulet of magic regeneration
HPRegen  0.07/turn              (no ring)
MPRegen  0.37/turn              (no ring)

@: lethally poisoned (0 -> -7), about to teleport, very quick
A: very small, unfitting armour, see invisible, herbivore, speed 3, slow
metabolism 2
a: no special abilities


You were on level 3 of the Dungeon.
You were not hungry.

You visited 1 branch of the dungeon, and saw 5 of its levels.

You collected 43 gold pieces.

Inventory:

Hand Weapons
 a - a +1 short sword
Armour
 b - a +1 robe (worn)
Jewellery
 g - an amulet of magic regeneration (around neck)
Wands
 h - a wand of flame (17)
Comestibles
 c - 4 rations


   Skills:
 + Level 1.7 Short Blades
 + Level 4.1 Dodging
 + Level 4.3 Stealth
 + Level 3.5 Spellcasting
 + Level 3.3 Conjurations


You had 7 spell levels left.
You knew the following spells:

 Your Spells              Type           Power        Failure   Level  Hunger
a - Magic Dart            Conj           ##..         4%          1    None
b - Searing Ray           Conj           ##....       7%          2    ##.....

Your spell library contained the following spells:

 Spells                   Type           Power        Failure   Level  Hunger
 Dazzling Spray           Conj/Hex       #.....       26%         3    ###....
 Iskenderun's Mystic Bla  Conj           ##......     41%         4    ####...
 Force Lance              Conj/Tloc      #.......     65%         4    ####...
 Fulminant Prism          Conj/Hex       #.........   65%         4    ####...


Dungeon Overview and Level Annotations

Branches:
Dungeon (5/15)
 Temple: D:4-7

Altars:

Annotations:
D:3 Edmund


Innate Abilities, Weirdness & Mutations

You are very small and have problems with some larger weapons.
You are too small for most types of armour.
You have supernaturally acute eyesight. (SInv)
You are a herbivore.
You cover ground extremely quickly.
You need to consume almost no food.


Message History

As you read the scroll labeled BYBOQI ENIRUE, it crumbles to dust.
You feel blessed for a moment.
It was a scroll of remove curse.
The bat hits you but does no damage. The jackal misses you.
The bat completely misses you. The adder closely misses you.
As you read the scroll labeled EBROZX OSUE, it crumbles to dust.
You feel strangely unstable.
It was a scroll of teleportation.
* * * LOW HITPOINT WARNING * * *
You feel sick. The bat barely misses you. The jackal completely misses you.
A kobold comes into view. It is wielding a +0 short sword.
The adder barely misses you. The bat closely misses you.
The jackal closely misses you.
As you read the scroll labeled MISIEN VEYGER, it crumbles to dust.
It is a scroll of enchant weapon.
Your +0 short sword glows red for a moment.
The bat barely misses you. The adder completely misses you.
The jackal barely misses you. The adder closely misses you.
As you read the scroll labeled MOL JIUZEPN, it crumbles to dust.
It is a scroll of enchant armour.
Your +0 robe glows green for a moment.
You die...

#..........#
....K#.....
..........#
......lK..
###........#
#.###..bhb.
#...###.Sh#
#....g.###@#
##........#S#
#..!..w...@l#
#..........##
.....#....(##..#.#
..
......g..(###..#.#
...# .........(#
..#.###...#
#........##
#.....[...#
##......#
#.........#


You could see Edmund, 2 adders, 2 leopard geckos, 2 jackals, 2 bats and 2
kobolds.

Vanquished Creatures
  An orc priest (D:3)
  2 adders
  3 leopard geckos
  3 orcs (D:2)
  A ball python (D:1)
  2 giant cockroaches (D:1)
  11 goblins
  5 hobgoblins
  3 jackals (D:1)
  5 kobolds
  4 bats
  A frilled lizard (D:2)
  6 rats
47 creatures vanquished.

Notes
Turn   | Place    | Note
-------+----------+-------------------------------------------
     0 | D:1      | Jyms the Spriggan Conjurer began the quest for the Orb.
     0 | D:1      | Reached XP level 1. HP: 9/9 MP: 5/5
   385 | D:1      | Reached XP level 2. HP: 13/13 MP: 3/6
   389 | D:1      | Learned a level 2 spell: Searing Ray
  1417 | D:1      | Reached XP level 3. HP: 16/16 MP: 3/8
  1746 | D:2      | Reached skill level 1 in Short Blades
  2080 | D:3      | Noticed a sky beast
  2587 | D:3      | Reached XP level 4. HP: 14/21 MP: 5/10
  2778 | D:4      | Noticed Edmund
  2781 | D:5      | Entered Level 5 of the Dungeon
  2814 | D:3      | HP: 1/21 [poisoned by an adder]
  2816 | D:3      | Succumbed to an adder's poison

Levels and vault maps discovered:
D:1:      minmay_arrival_plants_in_alcoves, layout_basic
D:2:      layout_loops_corners
D:3:      minmay_skewed_foursquare, layout_basic
D:4:      layout_rooms, first_ration, minivault_5, grunt_gozag_breadcrumbs,
          uniq_edmund, uniq_crazy_yiuf_cottage
D:5:      layout_rooms, nicolae_ru_great_annihilating_truth, bloody_makhleb,
          uniq_ijyb, uniq_menkaure, uniq_blork_the_orc

Skill      XL: |  1  2  3 |
---------------+----------+-----
Conjurations   | 3 |  3.3
Spellcasting   | 3 |  3.5
Short Blades   | 1 |  1.7
Stealth        | 4 |  4.3
Dodging        | 4 |  4.1

Action                   |  1- 3 |  4- 6 || total
-------------------------+-------+-------++-------
Melee: Dagger            |    26 |     7 ||    33
 Cast: Magic Dart        |    79 |     9 ||    88
       Searing Ray       |     7 |       ||     7
Evoke: Wand              |     2 |     1 ||     3
  Use: Scroll            |       |     5 ||     5
Armor: Robe              |     6 |     3 ||     9
Dodge: Dodged            |    40 |    24 ||    64

Table legend:
 A = Non-vault XP
 B = Vault XP
 C = Vault XP percentage of total XP
 D = Non-vault monster count
 E = Vault monster count
 F = Vault count percentage of total count
                 A         B        C        D         E       F
            +---------+---------+-------+---------+---------+-------
      Total |     145 |       0 |   0.0 |      47 |       0 |   0.0
            +---------+---------+-------+---------+---------+-------
        D:1 |      45 |       0 |   0.0 |      26 |       0 |   0.0
        D:2 |      42 |       0 |   0.0 |      17 |       0 |   0.0
        D:3 |      58 |       0 |   0.0 |       4 |       0 |   0.0
            +---------+---------+-------+---------+---------+-------
